[ PARTIDA AOE2 · #505120654 ]
UnrankedPolacos vs Dravidians
Equipo del jugador · VICT
Equipo rival · DERR
[ ANÁLISIS DE REPETICIÓN · EXTRAÍDO DE LA PARTIDA GRABADA ]
Feudal
11:33
Castillos
19:13
Imperial
37:55
| APM promedio | 45.2 |
| APM pico | 77 |
| eAPM promedio | 22.0 |
| Aldeanos / militares | 110 / 49 |
Foco
⚔️ 26.3% · 🌾 73.7%
Knight ×32 · Mangonel ×6 · Scout Cavalry ×5 · Militia ×4 · Trebuchet (Packed) ×2
Feudal
9:50
Castillos
19:35
Imperial
37:16
| APM promedio | 53.3 |
| APM pico | 88 |
| eAPM promedio | 27.3 |
| Aldeanos / militares | 153 / 92 |
Foco
⚔️ 42.3% · 🌾 57.7%
Archer ×67 · Spearman ×10 · Armored Elephant ×7 · Mangonel ×4 · Trebuchet (Packed) ×3 · Monk ×1
Mapa de la partida
Recursos iniciales + cada clic de construcción. Líneas = muros · curvas = relieve. ◆ oro · ⬟ piedra · ● bayas · ✦ reliquia · ◌ hueco del cierre
Tu base· Abierta — hueco de 1t
Base de [MELO] brevan· Abierta — hueco de 5t
Terreno inicial suavizado · ◌ = hueco del cierre detectado · pasá el cursor para detalles
Inputs por minuto
— Omit the Wise - - [MELO] brevan
Build order — Omit the Wise
Primeras 150 de 278 acciones detectadas
| 0:00 | Encolar | Villager (Male) |
| 0:00 | Encolar | Villager (Male) |
| 0:01 | Encolar | Villager (Male) |
| 0:03 | Construir | House |
| 0:06 | Construir | House |
| 0:16 | Encolar | Villager (Male) |
| 1:37 | Encolar | Villager (Male) |
| 1:49 | Construir | Lumber Camp |
| 1:58 | Encolar | Villager (Male) |
| 2:21 | Encolar | Villager (Male) |
| 2:57 | Encolar | Villager (Male) |
| 3:10 | Encolar | Villager (Male) |
| 3:26 | Construir | House |
| 3:37 | Encolar | Villager (Male) |
| 4:04 | Encolar | Villager (Male) |
| 4:18 | Encolar | Villager (Male) |
| 4:49 | Encolar | Villager (Male) |
| 5:07 | Construir | Barracks |
| 5:15 | Encolar | Villager (Male) |
| 5:23 | Encolar | Villager (Male) |
| 5:27 | Construir | House |
| 6:03 | Encolar | Militia |
| 6:14 | Encolar | Villager (Male) |
| 6:18 | Encolar | Militia |
| 6:24 | Construir | House |
| 6:38 | Encolar | Villager (Male) |
| 7:00 | Construir | Mining Camp |
| 7:03 | Encolar | Militia |
| 7:05 | Encolar | Villager (Male) |
| 7:06 | Construir | House |
| 7:30 | Encolar | Villager (Male) |
| 7:35 | Construir | Palisade Wall |
| 7:36 | Construir | Palisade Wall |
| 7:37 | Encolar | Villager (Male) |
| 8:28 | Encolar | Villager (Male) |
| 8:48 | Investigar | Loom |
| 9:02 | Investigar | Feudal Age |
| 9:07 | Encolar | Militia |
| 9:23 | Construir | House |
| 9:32 | Encolar | Villager (Male) |
| 10:15 | Construir | Outpost |
| 10:22 | Construir | Mill |
| 10:26 | Construir | Mill |
| 11:03 | Construir | House |
| 11:03 | Construir | Palisade Wall |
| 11:29 | Construir | Farm |
| 11:33 | Construir | Farm |
| 11:33 | Edad | Edad Feudal |
| 11:40 | Construir | Market |
| 11:45 | Investigar | Man-at-Arms (upgrade) |
| 12:24 | Encolar | Villager (Male) |
| 12:28 | Construir | Farm |
| 12:28 | Construir | Farm |
| 12:29 | Construir | Farm |
| 13:22 | Encolar | Villager (Male) |
| 13:35 | Construir | Mining Camp |
| 13:44 | Construir | Watch Tower |
| 13:46 | Encolar | Villager (Male) |
| 13:50 | Investigar | Double-Bit Axe |
| 14:08 | Encolar | Villager (Male) |
| 14:36 | Construir | Palisade Wall |
| 14:37 | Construir | Palisade Wall |
| 14:39 | Construir | Palisade Wall |
| 15:05 | Encolar | Villager (Male) |
| 15:27 | Construir | Watch Tower |
| 15:30 | Encolar | Villager (Male) |
| 15:45 | Construir | Mill |
| 15:59 | Construir | Blacksmith |
| 16:27 | Encolar | Villager (Male) |
| 16:33 | Investigar | Castle Age |
| 16:42 | Construir | Farm |
| 16:42 | Construir | Farm |
| 16:43 | Construir | Farm |
| 17:32 | Encolar | Villager (Male) |
| 17:32 | Encolar | Villager (Male) |
| 17:39 | Investigar | Horse Collar |
| 17:47 | Construir | Farm |
| 18:08 | Encolar | Villager (Male) |
| 18:36 | Construir | Barracks |
| 18:59 | Encolar | Villager (Male) |
| 19:01 | Investigar | Stone Mining |
| 19:13 | Edad | Edad de los Castillos |
| 19:16 | Construir | Town Center |
| 19:18 | Encolar | Villager (Male) |
| 19:21 | Construir | Town Center |
| 19:23 | Encolar | Villager (Male) |
| 19:38 | Investigar | Heavy Plow |
| 19:41 | Investigar | Bow Saw |
| 19:46 | Encolar | Villager (Male) |
| 20:05 | Encolar | Villager (Male) |
| 20:20 | Construir | Palisade Gate |
| 20:21 | Construir | Palisade Wall |
| 20:25 | Encolar | Villager (Male) |
| 20:32 | Construir | Farm |
| 20:39 | Encolar | Villager (Male) |
| 20:57 | Construir | Farm |
| 21:13 | Construir | Siege Workshop |
| 21:16 | Investigar | Fletching |
| 21:18 | Encolar | Villager (Male) |
| 21:20 | Encolar | Villager (Male) |
| 21:36 | Encolar | Villager (Male) |
| 21:38 | Encolar | Villager (Male) |
| 21:50 | Encolar | Mangonel |
| 21:56 | Construir | House |
| 21:57 | Construir | House |
| 22:31 | Encolar | Villager (Male) |
| 22:37 | Encolar | Villager (Male) |
| 23:06 | Encolar | Villager (Male) |
| 23:07 | Encolar | Villager (Male) |
| 23:12 | Encolar | Villager (Male) |
| 23:21 | Encolar | Villager (Male) |
| 23:30 | Construir | Farm |
| 23:39 | Encolar | Mangonel |
| 23:48 | Construir | House |
| 23:58 | Construir | Town Center |
| 24:10 | Encolar | Villager (Male) |
| 24:11 | Encolar | Villager (Male) |
| 24:47 | Encolar | Villager (Male) |
| 25:40 | Encolar | Villager (Male) |
| 25:40 | Encolar | Villager (Male) |
| 25:40 | Encolar | Villager (Male) |
| 25:41 | Encolar | Villager (Male) |
| 25:48 | Encolar | Villager (Male) |
| 25:48 | Encolar | Villager (Male) |
| 25:51 | Encolar | Villager (Male) |
| 25:51 | Encolar | Villager (Male) |
| 25:52 | Encolar | Villager (Male) |
| 26:05 | Encolar | Villager (Male) |
| 26:24 | Encolar | Villager (Male) |
| 26:35 | Construir | Castle |
| 26:42 | Encolar | Villager (Male) |
| 26:52 | Investigar | Wheelbarrow |
| 27:30 | Encolar | Villager (Male) |
| 28:13 | Encolar | Mangonel |
| 28:35 | Encolar | Villager (Male) |
| 28:35 | Encolar | Villager (Male) |
| 28:42 | Encolar | Mangonel |
| 29:04 | Construir | Market |
| 29:04 | Encolar | Villager (Male) |
| 29:08 | Encolar | Villager (Male) |
| 29:12 | Construir | Stable |
| 29:15 | Investigar | Scale Barding Armor |
| 29:15 | Encolar | Villager (Male) |
| 29:16 | Encolar | Villager (Male) |
| 29:25 | Construir | Mill |
| 29:30 | Construir | Stable |
| 29:38 | Encolar | Villager (Male) |
| 29:39 | Encolar | Villager (Male) |
| 29:53 | Construir | Farm |
| 29:53 | Construir | Farm |
Build order — [MELO] brevan
Primeras 150 de 380 acciones detectadas
| 0:00 | Encolar | Villager (Male) |
| 0:02 | Construir | House |
| 0:02 | Encolar | Villager (Male) |
| 0:03 | Construir | House |
| 0:04 | Encolar | Villager (Male) |
| 0:11 | Encolar | Villager (Male) |
| 1:14 | Encolar | Villager (Male) |
| 1:14 | Encolar | Villager (Male) |
| 1:27 | Construir | Lumber Camp |
| 1:47 | Encolar | Villager (Male) |
| 2:29 | Encolar | Villager (Male) |
| 2:29 | Encolar | Villager (Male) |
| 2:54 | Encolar | Villager (Male) |
| 3:09 | Encolar | Villager (Male) |
| 3:09 | Encolar | Villager (Male) |
| 3:37 | Encolar | Villager (Male) |
| 3:37 | Encolar | Villager (Male) |
| 3:59 | Encolar | Villager (Male) |
| 4:15 | Construir | House |
| 4:25 | Encolar | Villager (Male) |
| 4:39 | Construir | House |
| 4:58 | Encolar | Villager (Male) |
| 4:58 | Encolar | Villager (Male) |
| 5:03 | Construir | Mining Camp |
| 5:51 | Encolar | Villager (Male) |
| 5:55 | Encolar | Villager (Male) |
| 5:55 | Encolar | Villager (Male) |
| 6:12 | Encolar | Villager (Male) |
| 6:24 | Encolar | Villager (Male) |
| 6:27 | Encolar | Villager (Male) |
| 6:27 | Encolar | Villager (Male) |
| 6:37 | Encolar | Villager (Male) |
| 7:11 | Investigar | Loom |
| 7:17 | Construir | Mill |
| 7:40 | Investigar | Feudal Age |
| 7:42 | Construir | Barracks |
| 8:44 | Construir | Palisade Wall |
| 8:45 | Construir | Palisade Wall |
| 8:47 | Construir | Palisade Wall |
| 8:49 | Construir | Palisade Wall |
| 8:52 | Encolar | Villager (Male) |
| 8:53 | Construir | Palisade Wall |
| 8:55 | Construir | Palisade Wall |
| 8:56 | Construir | Palisade Wall |
| 8:58 | Construir | Palisade Wall |
| 8:59 | Construir | Palisade Wall |
| 9:02 | Construir | Palisade Wall |
| 9:03 | Encolar | Villager (Male) |
| 9:03 | Encolar | Villager (Male) |
| 9:12 | Construir | House |
| 9:16 | Encolar | Villager (Male) |
| 9:48 | Construir | Palisade Wall |
| 9:50 | Edad | Edad Feudal |
| 9:57 | Construir | Archery Range |
| 9:59 | Construir | Archery Range |
| 10:02 | Encolar | Villager (Male) |
| 10:39 | Construir | House |
| 10:50 | Construir | Palisade Wall |
| 10:56 | Encolar | Villager (Male) |
| 10:57 | Encolar | Archer |
| 10:58 | Encolar | Archer |
| 11:00 | Construir | Blacksmith |
| 11:03 | Construir | House |
| 11:07 | Encolar | Villager (Male) |
| 11:25 | Encolar | Villager (Male) |
| 11:30 | Encolar | Archer |
| 11:30 | Encolar | Archer |
| 11:40 | Construir | House |
| 11:46 | Investigar | Fletching |
| 11:47 | Investigar | Fletching |
| 11:47 | Encolar | Archer |
| 11:47 | Encolar | Archer |
| 11:48 | Encolar | Villager (Male) |
| 11:49 | Encolar | Villager (Male) |
| 11:56 | Construir | Palisade Wall |
| 11:57 | Construir | Palisade Wall |
| 11:58 | Construir | Palisade Wall |
| 11:59 | Construir | Palisade Wall |
| 12:05 | Encolar | Archer |
| 12:07 | Encolar | Archer |
| 12:31 | Encolar | Archer |
| 12:32 | Encolar | Villager (Male) |
| 12:45 | Encolar | Archer |
| 12:45 | Encolar | Archer |
| 13:04 | Encolar | Archer |
| 13:17 | Encolar | Villager (Male) |
| 13:21 | Encolar | Archer |
| 13:25 | Encolar | Villager (Male) |
| 13:25 | Encolar | Villager (Male) |
| 13:30 | Encolar | Archer |
| 13:31 | Encolar | Villager (Male) |
| 13:31 | Encolar | Villager (Male) |
| 13:34 | Encolar | Archer |
| 13:34 | Encolar | Archer |
| 13:51 | Encolar | Archer |
| 13:51 | Encolar | Archer |
| 14:01 | Encolar | Villager (Male) |
| 14:01 | Encolar | Villager (Male) |
| 14:05 | Encolar | Villager (Male) |
| 14:08 | Encolar | Archer |
| 14:12 | Encolar | Villager (Male) |
| 14:12 | Encolar | Villager (Male) |
| 14:20 | Construir | Market |
| 14:22 | Encolar | Archer |
| 14:54 | Encolar | Villager (Male) |
| 15:05 | Encolar | Villager (Male) |
| 15:22 | Encolar | Villager (Male) |
| 15:39 | Encolar | Villager (Male) |
| 15:40 | Construir | House |
| 15:46 | Encolar | Villager (Male) |
| 16:09 | Encolar | Villager (Male) |
| 16:09 | Encolar | Villager (Male) |
| 16:12 | Encolar | Villager (Male) |
| 16:55 | Investigar | Castle Age |
| 16:55 | Investigar | Castle Age |
| 17:23 | Encolar | Archer |
| 17:30 | Encolar | Archer |
| 17:42 | Investigar | Double-Bit Axe |
| 17:42 | Investigar | Double-Bit Axe |
| 17:50 | Encolar | Villager (Male) |
| 17:50 | Encolar | Villager (Male) |
| 17:55 | Encolar | Archer |
| 17:56 | Encolar | Archer |
| 18:03 | Construir | Mining Camp |
| 18:08 | Encolar | Archer |
| 18:08 | Encolar | Archer |
| 18:10 | Encolar | Villager (Male) |
| 18:13 | Construir | House |
| 18:23 | Construir | Farm |
| 18:23 | Construir | Farm |
| 18:24 | Construir | Farm |
| 18:24 | Construir | Farm |
| 18:25 | Encolar | Villager (Male) |
| 18:29 | Encolar | Archer |
| 18:40 | Construir | Farm |
| 18:42 | Construir | Farm |
| 18:44 | Construir | Farm |
| 18:49 | Encolar | Archer |
| 18:50 | Encolar | Archer |
| 19:06 | Investigar | Horse Collar |
| 19:06 | Investigar | Horse Collar |
| 19:14 | Construir | House |
| 19:35 | Edad | Edad de los Castillos |
| 19:43 | Construir | Siege Workshop |
| 19:46 | Investigar | Bodkin Arrow |
| 19:56 | Construir | Farm |
| 19:58 | Construir | Farm |
| 20:03 | Encolar | Villager (Male) |
| 20:06 | Encolar | Archer |
| 20:06 | Encolar | Archer |
Cronología de la partida
| 5:07 | Omit the Wise · first_building Barracks |
| 7:35 | Omit the Wise · wall_segment Palisade Wall x1 |
| 7:36 | Omit the Wise · wall_segment Palisade Wall x1 |
| 7:42 | [MELO] brevan · first_building Barracks |
| 8:44 | [MELO] brevan · wall_segment Palisade Wall x1 |
| 8:45 | [MELO] brevan · wall_segment Palisade Wall x1 |
| 8:47 | [MELO] brevan · wall_segment Palisade Wall x1 |
| 8:49 | [MELO] brevan · wall_segment Palisade Wall x1 |
| 8:53 | [MELO] brevan · wall_segment Palisade Wall x1 |
| 8:55 | [MELO] brevan · wall_segment Palisade Wall x1 |
| 8:56 | [MELO] brevan · wall_segment Palisade Wall x1 |
| 8:58 | [MELO] brevan · wall_segment Palisade Wall x1 |
| 8:59 | [MELO] brevan · wall_segment Palisade Wall x3 |
| 9:02 | [MELO] brevan · wall_segment Palisade Wall x1 |
| 9:48 | [MELO] brevan · wall_segment Palisade Wall x1 |
| 9:50 | [MELO] brevan · age_up feudal |
| 9:57 | [MELO] brevan · first_building Archery Range |
| 10:50 | [MELO] brevan · wall_segment Palisade Wall x1 |
| 11:03 | Omit the Wise · wall_segment Palisade Wall x1 |
| 11:33 | Omit the Wise · age_up feudal |
| 11:56 | [MELO] brevan · wall_segment Palisade Wall x1 |
| 11:57 | [MELO] brevan · wall_segment Palisade Wall x1 |
| 11:58 | [MELO] brevan · wall_segment Palisade Wall x1 |
| 11:59 | [MELO] brevan · wall_segment Palisade Wall x1 |
| 14:25 | Omit the Wise · first_market_sell 100 wood |
| 14:26 | Omit the Wise · first_market_buy 100 food |
| 14:36 | Omit the Wise · wall_segment Palisade Wall x1 |
| 14:37 | Omit the Wise · wall_segment Palisade Wall x1 |
| 14:39 | Omit the Wise · wall_segment Palisade Wall x1 |
| 16:43 | [MELO] brevan · first_market_buy 100 food |
| 16:44 | [MELO] brevan · first_market_sell 100 stone |
| 19:13 | Omit the Wise · age_up castle |
| 19:35 | [MELO] brevan · age_up castle |
| 19:43 | [MELO] brevan · first_building Siege Workshop |
| 20:21 | Omit the Wise · wall_segment Palisade Wall x1 |
| 21:13 | Omit the Wise · first_building Siege Workshop |
| 24:33 | [MELO] brevan · first_building Monastery |
| 26:35 | Omit the Wise · first_building Castle |
| 28:39 | [MELO] brevan · first_building Castle |
| 29:12 | Omit the Wise · first_building Stable |
| 37:16 | [MELO] brevan · age_up imperial |
| 37:55 | Omit the Wise · age_up imperial |
| 39:45 | Omit the Wise · first_building Archery Range |
| 40:19 | [MELO] brevan · resign |
[ ANÁLISIS IA · 1 CRÉDITO ]
¿Qué pasó realmente en esta partida?
Wolo.gg analiza cada decisión: build order, eco, micro, errores típicos por bracket. Análisis personalizado por WhatsApp o Discord en 30 segundos.
Guía civ
Polacos
Perfil
Jugador #15935362